AoeStats
← no one

Arabia

507056985Analyzed
1v1 RM · 17d ago on Sep 16, 2026· 40m 48s· 2 players
Game mode
Random Map
Map size
Tiny (2 player)
Population
200
Speed
Normal
Resources
Standard
Victory
Conquest
Starting age
Dark Age
Ending age
Imperial Age
RankedLock teamsTeams togetherTeam positionsShared explorationLock speedFull tech treeHidden civsTurbo modeCheats
Victory
Defeat
🇦🇷 Gurjaras · Argentina
1624
+14
🇩🇴 Maya · Dominican Republic
1570
-14
RD | Telematico
0:25 Loom
9:07 Feudal Age
10:09 Double-Bit Axe
10:16 Gold Mining
22:17 Castle Age
21:05 Fletching
21:44 Scale Mail Armor
22:18 Crossbowman
24:20 Pikeman
26:27 Squires
27:30 Chain Mail Armor
30:54 Eagle Warrior
33:47 Forging
38:24 Bodkin Arrow
40:16 Bow Saw
39:59 Arson
no one
6:02 Loom
8:52 Feudal Age
10:14 Double-Bit Axe
10:48 Horse Collar
16:02 Fletching
21:16 Castle Age
19:38 Gold Mining
20:23 Scale Barding Armor
20:32 Bloodlines
22:21 Chain Barding Armor
22:18 Bow Saw
24:25 Town Watch
26:47 Forging
31:11 Wheelbarrow
36:18 Imperial Age
34:00 Stone Mining
34:26 Scale Mail Armor
34:54 Arson
36:00 Chain Mail Armor
36:20 Iron Casting
38:40 Light Cavalry
Connection lost

Rejoining the realm…

Still unreachable

The connection could not be restored.

Session expired

The server has moved on; the page needs a fresh start.